 Dungeon Crawl Stone Soup version 0.24.0-29-g8ce449bc06 (webtiles) character file.

Game seed: 4321721376480952687, levelgen mode: deterministic

152449 Flugslaktarn the Severer (level 17, -2/158 HPs)
             Began as a Hill Orc Fighter on Nov 14, 2019.
             Was a Believer of Uskayaw.
             Killed from afar by a manticore (24 damage)
             ... with a volley of spikes
             ... on level 4 of the Shoals.
             The game lasted 00:18:58 (29178 turns).

Flugslaktarn the Severer (Hill Orc Fighter)        Turns: 29178, Time: 00:18:59

Health: -2/158     AC: 39    Str: 26    XL:     17   Next: 28%
Magic:  26/28      EV:  9    Int: 12    God:    Uskayaw [**....]
Gold:   1081       SH: 14    Dex: 14    Spells: 16/16 levels left

rFire    . . .     SeeInvis .   z - +6 broad axe of Honour {distort, Dex+4}
rCold    . . .     Gourm    .   H - +0 shield
rNeg     + . .     Faith    .   i - +7 plate armour of Curiosity {-Cast rPois MR+ Int+4}
rPois    +         Spirit   .   n - +2 helmet
rElec    .         Reflect  .   j - +0 cloak
rCorr    .         Harm     .   D - +2 pair of gloves
MR       +++++     Clarity  +   A - +2 pair of boots Stlth ..........NoCast +
                                y - amulet of the Four Winds {rN+ MR+++ Clar}
HPRegen  0.36/turn              p - +3 ring of protection
MPRegen  0.21/turn              v - +1 ring of evasion

@: barbed spikes, very slow
A: talons 1, blink, sense surroundings 1
}: 1/15 runes: serpentine
a: Blink, Stomp, Line Pass, Renounce Religion


You were on level 4 of the Shoals.
You worshipped Uskayaw.
Uskayaw was pleased with you.
You were near starving.

You visited 6 branches of the dungeon, and saw 27 of its levels.
You also visited: Sewer and Volcano.

You collected 2370 gold pieces.
You spent 1289 gold pieces at shops.

Inventory:

Hand Weapons
 a - a +0 war axe
 z - the +6 broad axe of Honour (weapon) {distort, Dex+4}
   (You bought it in a shop on level 2 of the Orcish Mines)

   It warps and distorts space around it.
   Unwielding it can cause banishment or high damage.
   It affects your dexterity (+4).
 N - a +4 battleaxe of flaming
   (You found it in a volcano)
Missiles
 E - 2 throwing nets (quivered)
Armour
 i - the +7 plate armour of Curiosity (worn) {-Cast rPois MR+ Int+4}
   (You bought it in a shop on level 2 of the Orcish Mines)

   It affects your intelligence (+4).
   It protects you from poison.
   It affects your resistance to hostile enchantments.
   It prevents spellcasting.
 j - a +0 cloak (worn)
   (You took it off Crazy Yiuf on level 2 of the Dungeon)
 n - a +2 helmet (worn)
   (You took it off Robin on level 2 of the Dungeon)
 A - a +2 pair of boots (worn)
   (You found it on level 1 of the Lair of Beasts)
 D - a +2 pair of gloves (worn)
   (You found it on level 6 of the Dungeon)
 H - a +0 shield (worn)
Jewellery
 c - an uncursed ring of protection from cold
   (You found it on level 4 of the Shoals)
 m - an uncursed ring of protection from magic
   (You found it on level 4 of the Lair of Beasts)
 o - an uncursed ring of poison resistance
   (You bought it in a shop on level 7 of the Dungeon)
 p - a +3 ring of protection (left hand)
   (You found it on level 2 of the Dungeon)
 v - a +1 ring of evasion (right hand)
   (You found it on level 2 of the Lair of Beasts)
 y - the amulet of the Four Winds (around neck) {rN+ MR+++ Clar}
   (You found it on level 5 of the Dungeon)

   [amulet of nothing]

   It protects you from negative energy.
   It affects your resistance to hostile enchantments.
   It protects you against confusion.
 I - a +4 ring of dexterity
   (You found it on level 8 of the Dungeon)
Wands
 K - a wand of clouds (2)
   (You found it on level 6 of the Lair of Beasts)
 S - a wand of paralysis (3)
   (You found it on level 4 of the Lair of Beasts)
 V - a wand of enslavement (9)
   (You found it on level 6 of the Lair of Beasts)
 X - a wand of scattershot (2)
   (You found it on level 6 of the Lair of Beasts)
Scrolls
 f - a scroll of holy word
 l - 4 scrolls of fog
 r - a scroll of identify
 t - 10 scrolls of teleportation
 w - 11 scrolls of remove curse
 x - a scroll of summoning
 C - 3 scrolls of vulnerability
 G - 3 scrolls of magic mapping
 T - 2 scrolls of immolation
Potions
 b - 3 potions of berserk rage
 d - 6 potions of might
 g - 2 potions of lignification
 h - a potion of haste
 q - 4 potions of curing
 s - 5 potions of agility
 u - 3 potions of brilliance
 B - 3 potions of ambrosia
 F - a potion of invisibility
 L - a potion of cancellation
Comestibles
 e - 24 rations
 k - 6 chunks of flesh


   Skills:
 + Level 15.8 Fighting
 - Level 18.5 Axes
 + Level 14.6 Armour
 + Level 14.7 Shields
 + Level 15.8 Invocations
 - Level 5.0 Evocations


You had 16 spell levels left.
You didn't know any spells.
Your spell library was empty.

Dungeon Overview and Level Annotations

Branches:
Dungeon (10/15)            Temple (1/1) D:5            Lair (6/6) D:8
 Shoals (4/4) Lair:4        Snake (4/4) Lair:2        Slime (0/5) Lair:5
    Orc (2/2) D:9             Elf (0/3) Orc:2         Sewer (visited)
Volcano (visited)

Altars:
Ashenzari
Cheibriados
Dithmenos
Elyvilon
Fedhas
Gozag
Hepliaklqana
Kikubaaqudgha
Makhleb
Nemelex Xobeh
Okawaru
Qazlal
Ru
Sif Muna
Trog
Uskayaw
Vehumet
Wu Jian
Xom
Yredelemnul
Zin
The Shining One
Beogh

Shops:
D:7 *   Orc:2 [:(*   Shoals:2 %

Annotations:
Lair:2 exclusion: oklob plant
Shoals:3 Roxanne


Innate Abilities, Weirdness & Mutations

You have sharp toenails.
You can translocate small distances at will.
You passively map a small area around you.


Message History

The manticore flicks its tail.
The volley of spikes hits you but does no damage.
The manticore flicks its tail.
The volley of spikes hits you!
The barbed spikes become lodged in your body.
* * * LOW HITPOINT WARNING * * *
The barbs in your skin will harm you if you move.
Continue? [Y]es or [N]o only, please.
The barbs in your skin will harm you if you move.
Continue?
Okay, then.
Okay, then.
Evoke which item? (* to show all) (? for menu, Esc to quit)
Okay, then.
You feel better.
The faun is no longer sharing its pain.
The faun shoots a stone.
The stone hits you but does no damage.
You hear a splash.
The manticore flicks its tail.
The volley of spikes hits you!!
The barbed spikes become lodged in your body.
You die...

≈≈.PP≈≈.........).≈≈≈≈≈≈≈≈≈
.....≈#...(......≈(≈≈≈≈≈≈≈≈
#.....#...c(...≈≈≈≈≈≈≈≈≈≈≈≈ ,
#.....PP...cH..≈≈..≈≈≈≈≈≈≈≈ ,
...|...PP....(≈≈...≈≈≈≈≈≈≈≈≈P....
P.....#P.≈≈≈≈≈≈.≈≈≈≈≈≈≈≈≈≈≈≈.....
,....###≈≈≈≈≈≈(≈≈≈≈≈≈≈≈≈≈≈≈.....
..., #≈≈≈≈≈≈≈≈≈≈≈≈≈≈≈≈≈≈≈......
,#≈≈≈≈≈≈≈≈@≈≈≈≈≈≈≈≈≈......$
≈≈≈≈≈≈≈≈≈P≈P##P...≈........
≈≈≈≈≈≈PP..#...PP........... ,
≈≈≈≈≈≈...P###..PPP.........
≈≈P≈....PP#....÷.PP.......
≈≈.....#.#....)÷)#.<.....
P...PPP....=)÷)).....(..
≈.....#.......#.#.....^. ≈
≈≈≈...PPP.....#PP.......


You could see 2 fauns and a manticore.

Vanquished Creatures
  Polyphemus (Shoals:3)
  Gastronok (D:8)
  5 nagarajas
  Aizul (Shoals:4)
  A stone giant (Orc:2)
  2 entropy weavers (Lair:6)
  A merfolk javelineer (Shoals:4)
  Josephine (Lair:4)
  3 ettins (Orc:2)
  4 catoblepae
  Harold (D:8)
  7 naga warriors
  A hydra (Lair:6)
  A merfolk aquamancer (Shoals:4)
  Erica (D:8)
  3 two-headed ogres (D:9)
  2 anacondas (Snake:2)
  A queen ant (Lair:6)
  A hell hog (Volcano)
  18 death yaks
  4 shock serpents
  12 naga sharpshooters
  A salamander mystic (Snake:2)
  A fire crab (Volcano)
  5 naga ritualists
  4 sea snakes
  4 mana vipers
  A deep elf mage (D:9)
  8 harpies
  9 salamanders
  7 cyclopes (Orc:2)
  An orc sorcerer (Orc:2)
  5 manticores
  8 fauns
  5 elephants (Lair:5)
  A water nymph (Shoals:4)
  4 merfolk sirens
  39 black mambas
  2 guardian serpents (Snake:2)
  14 naga magi
  2 molten gargoyles (Volcano)
  5 spiny frogs
  2 rime drakes
  7 komodo dragons
  5 merfolk
  Prince Ribbit (D:7)
  A polar bear (Lair:4)
  6 dream sheep (Lair:4)
  11 blink frogs
  5 hippogriffs
  2 snapping turtles (Shoals:4)
  5 water elementals
  5 wraiths (Lair:4)
  43 yaks
  3 wyverns
  3 basilisks
  3 fire bats (Volcano)
  2 steam dragons
  Menkaure (D:5)
  A warg (Orc:2)
  5 soldier ants (Lair:6)
  47 nagas
  14 water moccasins
  9 porcupines
  Duvessa (D:5)
  2 hell hounds (Volcano)
  2 orc warriors (Orc:2)
  2 phantoms
  A sky beast (D:5)
  An ice beast (D:6)
  2 hornet zombies
  4 black bears
  16 wolves
  5 ogres
  2 centaurs
  16 crocodiles
  A big kobold (D:9)
  7 bullfrogs
  Dowan (D:5)
  A wyvern skeleton (D:6)
  5 scorpions
  2 howler monkeys
  5 lava snakes (Volcano)
  2 bullfrog zombies (D:5)
  2 crimson imps
  A centaur zombie (D:6)
  9 orc priests
  2 bullfrog skeletons
  6 hounds
  Crazy Yiuf (D:2)
  9 jellies
  A gnoll shaman (D:4)
  4 orc wizards
  5 hell rats (Lair:6)
  2 iguanas
  14 worker ants
  A howler monkey skeleton (D:6)
  Robin (D:2)
  7 gnolls
  8 adders
  2 shadow imps
  18 oozes
  2 adder skeletons
  2 worms
  7 leopard geckos
  28 orcs
  6 giant cockroaches
  22 goblins
  16 hobgoblins
  10 jackals
  A quokka (D:7)
  A ball python (D:7)
  7 bats
  4 frilled lizards
  A jackal zombie (D:5)
  10 kobolds
  7 rats
  9 fungi
  8 plants
691 creatures vanquished.

Vanquished Creatures (others)
  2 nagarajas
  A merfolk impaler (Shoals:3)
  4 naga warriors
  A death yak (Shoals:3)
  A sea snake (Shoals:3)
  A naga ritualist (Snake:1)
  A harpy (Shoals:4)
  A mana viper (Snake:1)
  A manticore (Shoals:1)
  A cyclops (Orc:2)
  A naga mage (Snake:1)
  2 guardian serpents
  A merfolk (Shoals:3)
  2 nagas
  An iguana (D:8)
  An adder zombie (D:8)
  A butterfly (Lair:5)
  8 fungi
  31 plants
62 creatures vanquished.

Grand Total: 753 creatures vanquished

Notes
Turn   | Place    | Note
-------+----------+-------------------------------------------
     0 | D:1      | Flugslaktarn the Hill Orc Fighter began the quest for the
                  | Orb.
     0 | D:1      | Reached XP level 1. HP: 19/19 MP: 1/1
   114 | D:1      | Reached skill level 3 in Axes
   121 | D:1      | Reached XP level 2. HP: 18/27 MP: 2/2
   853 | D:2      | Reached XP level 3. HP: 25/33 MP: 3/3
   982 | D:2      | Noticed Robin
   990 | D:2      | Reached skill level 4 in Axes
   994 | D:2      | Killed Robin
   994 | D:2      | Reached XP level 4. HP: 9/40 MP: 4/4
  1391 | D:2      | Found a runed translucent door.
  1392 | D:2      | Noticed Crazy Yiuf
  1557 | D:2      | You fall into a shaft and drop 1 floor!
  1607 | D:3      | Reached XP level 5. HP: 34/47 MP: 5/5
  1621 | D:3      | Reached skill level 5 in Axes
  2159 | D:2      | Killed Crazy Yiuf
  2159 | D:2      | Reached XP level 6. HP: 20/55 MP: 6/6
  2453 | D:3      | Reached skill level 5 in Fighting
  2583 | D:3      | Reached skill level 6 in Axes
  3637 | D:4      | Reached XP level 7. HP: 57/61 MP: 7/7
  3719 | D:4      | Found a glowing drain.
  3732 | Sewer    | Entered a sewer
  3926 | D:4      | Reached skill level 5 in Shields
  4056 | D:4      | Reached skill level 7 in Axes
  4056 | D:4      | Reached skill level 5 in Armour
  4143 | D:4      | You fall into a shaft and drop 3 floors!
  4253 | D:7      | Noticed a hippogriff
  4266 | D:7      | Killed a hippogriff
  4266 | D:7      | Reached skill level 8 in Axes
  4266 | D:7      | Reached XP level 8. HP: 49/70 MP: 8/8
  4768 | D:5      | Entered Level 5 of the Dungeon
  4784 | D:5      | Found a staircase to the Ecumenical Temple.
  4804 | Temple   | Entered the Ecumenical Temple
  4811 | Temple   | Became a worshipper of Uskayaw the Reveler
  4872 | D:5      | Reached * piety under Uskayaw
  4961 | D:5      | Reached ** piety under Uskayaw
  4963 | D:5      | Reached skill level 9 in Axes
  4963 | D:5      | Reached *** piety under Uskayaw
  4965 | D:5      | Reached skill level 1 in Invocations
  5047 | D:5      | Reached skill level 1 in Evocations
  5085 | D:5      | Noticed Dowan
  5085 | D:5      | Noticed Duvessa
  5099 | D:5      | Killed Duvessa
  5099 | D:5      | Reached XP level 9. HP: 72/78 MP: 10/10
  5100 | D:5      | Killed Dowan
  5100 | D:5      | Reached **** piety under Uskayaw
  5318 | D:5      | Found the amulet of the Four Winds {rN+ MR+++ Clar}
  5339 | D:5      | Noticed Menkaure
  5353 | D:5      | Killed Menkaure
  6133 | D:6      | Found a burning altar of Makhleb.
  6705 | D:7      | Found Egohen's Serpentskin Sales.
  6714 | D:7      | Reached skill level 10 in Axes
  6721 | D:7      | Bought an uncursed ring of poison resistance for 280 gold
                  | pieces
  6916 | D:7      | Noticed Prince Ribbit
  7525 | D:7      | Killed Prince Ribbit
  7585 | D:8      | Reached ***** piety under Uskayaw
  7593 | D:8      | Reached ****** piety under Uskayaw
  7607 | D:8      | Reached XP level 10. HP: 18/88 MP: 6/13
  7914 | D:8      | Found a staircase to the Lair.
  7929 | D:8      | Reached skill level 11 in Axes
  8044 | D:8      | Noticed Erica
  8067 | D:8      | Noticed Gastronok
  8074 | D:8      | Killed Erica
  8074 | D:8      | Reached skill level 5 in Invocations
  8078 | D:8      | Noticed Harold
  8098 | D:8      | Killed Gastronok
  8098 | D:8      | Reached skill level 12 in Axes
  8102 | D:8      | Killed Harold
  8102 | D:8      | Reached XP level 11. HP: 17/95 MP: 10/15
  9144 | D:8      | Gained mutation: Scrolls take you a little longer to read.
                  | [potion of mutation]
  9144 | D:8      | Gained mutation: Scrolls take you longer to read. [potion
                  | of mutation]
  9144 | D:8      | Gained mutation: You can translocate small distances at
                  | will. [potion of mutation]
  9165 | D:9      | Found a staircase to the Orcish Mines.
  9192 | D:9      | Noticed a deep elf mage
  9203 | D:9      | Killed a deep elf mage
  9255 | D:9      | Reached skill level 5 in Evocations
  9501 | D:9      | Noticed a two-headed ogre
  9513 | D:9      | Killed a two-headed ogre
  9742 | D:9      | Noticed a two-headed ogre
  9755 | D:9      | Killed a two-headed ogre
  9759 | D:9      | Reached skill level 13 in Axes
  9938 | D:9      | Noticed a two-headed ogre
  9946 | D:9      | Killed a two-headed ogre
 10139 | D:9      | Found a shimmering blue altar of Sif Muna.
 10139 | D:9      | Found an opulent altar of Gozag.
 10139 | D:9      | Found a shadowy altar of Dithmenos.
 10139 | D:9      | Found a basalt altar of Yredelemnul.
 10146 | D:9      | Found an ancient bone altar of Kikubaaqudgha.
 10146 | D:9      | Found a bloodstained altar of Trog.
 10291 | D:10     | Entered Level 10 of the Dungeon
 10341 | Lair:1   | Entered Level 1 of the Lair of Beasts
 10883 | Lair:1   | Reached XP level 12. HP: 93/106 MP: 18/18
 10891 | Lair:1   | Reached skill level 10 in Fighting
 10924 | Lair:1   | Reached skill level 14 in Axes
 12450 | Lair:2   | Found a dark tunnel.
 12457 | Volcano  | Entered a volcano
 12920 | Volcano  | Found a burning altar of Makhleb.
 12920 | Volcano  | Noticed a hell hog
 12934 | Volcano  | Killed a hell hog
 13164 | Volcano  | Reached skill level 15 in Axes
 13462 | Lair:2   | Found a staircase to the Snake Pit.
 13737 | Lair:2   | Reached skill level 10 in Armour
 14068 | Lair:2   | Reached skill level 10 in Shields
 14836 | Lair:3   | Reached XP level 13. HP: 90/115 MP: 20/20
 15060 | Lair:3   | Reached skill level 10 in Invocations
 15656 | Lair:4   | Noticed Josephine
 15668 | Lair:4   | Killed Josephine
 15668 | Lair:4   | Reached skill level 16 in Axes
 16010 | Lair:4   | Found a staircase to the Shoals.
 17247 | Lair:5   | Found a staircase to the Slime Pits.
 17670 | Lair:6   | Entered Level 6 of the Lair of Beasts
 17815 | Lair:6   | Reached XP level 14. HP: 91/125 MP: 22/22
 17940 | Lair:6   | Reached skill level 17 in Axes
 18287 | Lair:6   | Noticed an entropy weaver
 18288 | Lair:6   | Noticed an entropy weaver
 18291 | Lair:6   | Killed an entropy weaver
 18300 | Lair:6   | Killed an entropy weaver
 20471 | Orc:1    | Entered Level 1 of the Orcish Mines
 20501 | Orc:1    | Reached skill level 18 in Axes
 20612 | Orc:2    | Entered Level 2 of the Orcish Mines
 20627 | Orc:2    | Noticed a stone giant
 20628 | Orc:2    | Found Reamengom's Book Shoppe.
 20638 | Orc:2    | Lost mutation: Scrolls take you longer to read. [potion of
                  | mutation]
 20638 | Orc:2    | Lost mutation: Scrolls take you a little longer to read.
                  | [potion of mutation]
 20638 | Orc:2    | Gained mutation: You passively map a small area around you.
                  | [potion of mutation]
 20638 | Orc:2    | Gained mutation: You have sharp toenails. [potion of
                  | mutation]
 20916 | Orc:2    | Killed a stone giant
 21205 | Orc:2    | Found Geheanal's Antique Armour Boutique.
 21206 | Orc:2    | Found a staircase to the Elven Halls.
 21310 | Orc:2    | Bought a spiked plate armour for 784 gold pieces
 21320 | Orc:2    | Identified the +7 plate armour of Curiosity {-Cast rPois
                  | MR+ Int+4} (You bought it in a shop on level 2 of the
                  | Orcish Mines)
 21616 | Orc:2    | Found Xiqomuill's Antique Weapon Shoppe.
 21644 | Orc:2    | Bought a crude broad axe for 225 gold pieces
 21644 | Orc:2    | Identified the +6 broad axe of Honour {distort, Dex+4} (You
                  | bought it in a shop on level 2 of the Orcish Mines)
 21810 | Orc:2    | Found Ginuonn's General Store.
 21894 | Orc:2    | Found a roughly hewn altar of Beogh.
 21905 | Orc:2    | Reached XP level 15. HP: 60/134 MP: 24/24
 22693 | Snake:1  | Entered Level 1 of the Snake Pit
 23562 | Snake:1  | Found a stormy altar of Qazlal.
 24250 | Snake:2  | Noticed a nagaraja
 24259 | Snake:2  | Banished a nagaraja
 25503 | Snake:2  | Reached XP level 16. HP: 99/146 MP: 26/26
 26323 | Snake:3  | Noticed a nagaraja
 26340 | Snake:3  | Killed a nagaraja
 26345 | Snake:3  | Noticed a nagaraja
 26362 | Snake:3  | Killed a nagaraja
 26593 | Snake:4  | Entered Level 4 of the Snake Pit
 26715 | Snake:4  | Noticed a nagaraja
 26725 | Snake:4  | Killed a nagaraja
 26728 | Snake:4  | Noticed a nagaraja
 26744 | Snake:4  | Killed a nagaraja
 27303 | Snake:4  | Noticed a nagaraja
 27306 | Snake:4  | Noticed a nagaraja
 27316 | Snake:4  | Killed a nagaraja
 27317 | Snake:4  | Noticed a nagaraja
 27319 | Snake:4  | Banished a nagaraja
 27334 | Snake:4  | Noticed a nagaraja
 27347 | Snake:4  | Reached skill level 15 in Fighting
 27392 | Snake:4  | Got a serpentine rune of Zot
 27460 | Snake:4  | Reached skill level 15 in Invocations
 27684 | Snake:4  | Banished a nagaraja
 27853 | Shoals:1 | Entered Level 1 of the Shoals
 27942 | Shoals:2 | Found Zibuel's Food Emporium.
 28557 | Shoals:3 | Noticed Polyphemus
 28625 | Shoals:3 | Killed Polyphemus
 28625 | Shoals:3 | Reached XP level 17. HP: 94/156 MP: 24/28
 28823 | Shoals:3 | Identified Roxanne's Grimoire of Shape Shifting
 28823 | Shoals:3 | Noticed Roxanne
 28947 | Shoals:4 | Entered Level 4 of the Shoals
 29150 | Shoals:4 | Noticed Aizul
 29152 | Shoals:4 | Killed Aizul
 29178 | Shoals:4 | Killed from afar by a manticore

Levels and vault maps discovered:
D:1:      psy_arrival_radial02, layout_basic
D:2:      layout_rooms, first_ration, chequers_serial_rivers_small_3,
          minmay_statues_item, minmay_nonomino_d4, uniq_robin,
          uniq_crazy_yiuf_cottage
D:3:      cheibrodos_greedy_goblins, layout_basic, st_stairs_5
D:4:      layout_basic, gup_sewer_entry_pipe
D:5:      layout_basic, minmay_temple_entry_statues, uniq_duvessa, uniq_menkaure
D:6:      layout_basic, bloody_makhleb, serial_curves, eino_curves_03,
          eino_curves_03, minivault_10
D:7:      layout_basic, serial_aquarium, aquarium_bridge_square
          [aquarium_subvault_wall, aquarium_subvault_bridge,
          aquarium_subvault_wall, aquarium_subvault_bridge],
          aquarium_window_corridor_1, aquarium_window_2, aquarium_window_1,
          aquarium_view_2b, aquarium_view_2f, aquarium_balcony_5a,
          guppyfry_shop_venom, uniq_prince_ribbit1
D:8:      layout_basic, minmay_lair_entry_grove, hangedman_decor_lopped,
          uniq_erica, uniq_gastronok, uniq_harold
D:9:      layout_cave_pools, minmay_overflow_temple_hex, orc_0_dummy
D:10:     layout_basic, grunt_pizzeria, minmay_misc_feat_nine_boxes,
          uniq_nergalle
Temple:   nicolae_temple_no_exploring_needed
Lair:1:   layout_small_grid, st_stairs_3, beast_lair_carwin_11,
          lemuel_fruit_tree
Lair:2:   lemuel_slime, layout_chaotic_city,
          minmay_snake_entry_guardpost_medium, nicolae_volcano_entry_hallway,
          chequers_serial_rivers_micro_e, columned_hall_lemuel,
          chequers_serial_rivers_small_b
Lair:3:   layout_big_grid
Lair:4:   layout_roguey, minmay_shoals_entry_lonely_mermaid, grunt_megastairs_1,
          uniq_josephine
Lair:5:   layout_regular_city, nicolae_slime_entry_slimehenge,
          grunt_megastairs_3, infiniplex_staircase_pool, lemuel_fruit_fields
Lair:6:   evilmike_catoblepas_cave, layout_cave_pods, wad_woods_antlair
Shoals:1: layout_shoals, ebering_ghost_disaster_area
Shoals:2: cheibrodos_shoals_baths, layout_shoals, serial_shops,
          nicolae_shop_statue_plus
Shoals:3: layout_shoals, uniq_polyphemus, uniq_roxanne
Shoals:4: shoals_end_grunt_garden, layout_shoals, uniq_aizul, uniq_nikola
Snake:1:  layout_chambers, basic_altar, st_stairs_11
Snake:2:  layout_grid_shapes, evilmike_ambush [evilmike_ambush_outer_basic,
          evilmike_ambush_inner_wall_1]
Snake:3:  layout_onion_interference
Snake:4:  minmay_snake_end_coiled, layout_rooms, drop_trap,
          hangedman_snake_corridor_split
Orc:1:    layout_diamond_mine, uniq_urug
Orc:2:    grunt_orc_gardens, layout_diamond_mine, grunt_orc_garden,
          grunt_orc_garden, grunt_orc_garden, grunt_orc_garden, basic_altar

Skill      XL: |  1  2  3  4  5  6  7  8  9 10 11 12 13 14 15 16 |
---------------+-------------------------------------------------+-----
Axes           | 3 4 5 6 8 9 10 12 13 15 16 18 | 18.5
Fighting       | 4 5 6 7 8 9 10 11 12 14 15 | 15.8
Armour         | 4 5 6 7 8 9 10 11 12 13 14 | 14.6
Shields        | 4 5 6 7 8 9 10 11 12 13 14 | 14.7
Invocations    | 2 4 6 8 9 11 12 13 15 | 15.8
Evocations     | 1 3 4 5 |  5.0

Action                   |  1- 3 |  4- 6 |  7- 9 | 10-12 | 13-15 | 16-18 || total
-------------------------+-------+-------+-------+-------+-------+-------++-------
Melee: War axe           |    46 |   224 |   320 |   458 |       |       ||  1048
       Battleaxe         |       |       |       |    92 |   376 |       ||   468
       Broad axe         |       |       |       |       |   239 |   394 ||   633
Invok: Stomp             |       |       |     4 |     6 |     1 |     1 ||    12
       Grand Finale      |       |       |       |     1 |     2 |     3 ||     6
Evoke: Wand              |       |       |       |     4 |     6 |     1 ||    11
  Use: Scroll            |       |       |       |    18 |    11 |     6 ||    35
       Potion            |       |       |       |     3 |     6 |     6 ||    15
 Stab: Paralysed         |       |       |    11 |    55 |    88 |    42 ||   196
  Eat: Chunk             |       |     9 |    12 |    13 |    13 |     4 ||    51
       Ration            |       |       |       |     4 |     7 |     2 ||    13
Armor: Scale mail        |    23 |    91 |       |       |       |       ||   114
       Chain mail        |       |    16 |   195 |   268 |   222 |       ||   701
       Plate armour      |       |       |       |       |   149 |   290 ||   439
Dodge: Dodged            |    24 |    60 |    90 |   150 |   183 |   104 ||   611
Block: Shield            |    31 |   103 |   203 |   255 |   174 |   312 ||  1078
